Map: Pillars of Gold LE

Players

Skypemoon

  • Race: Protoss Protoss
  • League: Master
  • Spawn Location: 7:00

zuka - Winner!

  • Race: Protoss Protoss
  • League: Master
  • Spawn Location: 1:00

VOD

https://youtu.be/txai_WCFz-U

Description

Time

  • Played on: Aug. 9, 2020, 3:49 p.m.
  • Length: 15:14
Show
View Real Time Build Order
Export as new Build Order

Skypemoon Protoss 

Build Orders:  

Get SALT Encoding   

  12  0:00  Probe  
  13  0:12  Probe  
  14  0:19  Pylon  
  14  0:24  Probe  
  15  0:37  Probe (Chrono Boost)  
  15  0:40  Gateway  
  16  0:47  Probe (Chrono Boost)  
  16  0:48  Assimilator  
  17  0:52  Probe (Chrono Boost)  
  18  0:58  Assimilator  
  18  1:03  Probe  
  19  1:15  Probe  
  20  1:18  Gateway  
  20  1:27  Cybernetics Core  
  20  1:28  Probe  
  21  1:40  Probe  
  21  1:41  Pylon  
  22  1:52  Probe  
  23  2:03  Warp Gate  
  23  2:05  Stalker x2  
  27  2:29  Pylon  
  27  2:35  Stalker x2  
  31  2:53  Nexus  
  31  3:08  Robotics Facility  
  31  3:23  Probe  
  32  3:35  Probe  
  33  3:49  Probe  
  33  3:51  Stalker x2  
  33  3:55  Observer  
  39  4:02  Forge  
  39  4:05  Probe (Chrono Boost)  
  41  4:13  Probe (Chrono Boost)  
  41  4:16  Immortal  
  46  4:17  Probe (Chrono Boost)  
  46  4:25  Probe (Chrono Boost)  
  46  4:26  Probe (Chrono Boost)  
  46  4:30  Pylon  
  46  4:31  Protoss Ground Weapons Level 1 (Chrono Boost), Probe (Chrono Boost)  
  49  4:43  Observer, Probe (Chrono Boost)  
  50  4:50  Gateway, Twilight Council  
  50  4:51  Probe (Chrono Boost)  
  50  4:52  Probe  
  52  5:02  Probe  
  53  5:10  Probe  
  53  5:13  Assimilator  
  54  5:14  Probe  
  54  5:20  Warp Prism  
  56  5:24  Assimilator  
  56  5:32  Stalker x2  
  58  5:39  Blink  
  58  5:40  Probe (Chrono Boost)  
  60  5:44  Probe (Chrono Boost)  
  60  5:54  Probe (Chrono Boost)  
  60  5:56  Probe (Chrono Boost)  
  62  5:58  Nexus  
  62  5:59  Pylon  
  62  6:00  Probe (Chrono Boost)  
  62  6:09  Pylon  
  62  6:13  Templar Archives  
  62  6:15  Pylon  
  62  6:17  Probe x2  
  64  6:27  Protoss Ground Weapons Level 2 (Chrono Boost)  
  64  6:29  Probe  
  64  6:31  Gateway  
  65  6:34  Gateway  
  65  6:45  Gateway, Probe  
  65  6:46  Probe  
  67  6:47  Gateway  
  67  6:53  High Templar x3  
  73  6:58  Probe x2  
  75  7:07  Pylon  
  75  7:12  Gateway  
  75  7:18  Probe  
  75  7:19  Probe x2  
  78  7:26  High Templar x3  
  78  7:28  Zealot  
  86  7:40  Zealot  
  86  7:41  Zealot  
  90  7:48  Photon Cannon x2  
  90  7:53  Probe x2  
  90  7:55  Pylon  
  92  7:59  Pylon  
  92  8:02  Pylon  
  92  8:06  Photon Cannon  
  92  8:08  High Templar x3  
  92  8:09  Zealot x3  
  104  8:13  Archon  
  104  8:14  Archon x2  
  104  8:15  Archon  
  104  8:17  Stalker x2  
  108  8:20  Probe  
  108  8:21  Probe x2  
  99  8:33  Probe x3  
  94  8:40  Stargate  
  94  8:44  Charge  
  94  8:45  Probe  
  94  8:48  Assimilator  
  95  8:52  Assimilator  
  95  8:53  Zealot x4  
  103  8:59  Probe x2  
  105  9:10  Protoss Air Weapons Level 1 (Chrono Boost)  
  105  9:24  Nexus  
  105  9:25  Pylon, Stargate  
  105  9:26  Fleet Beacon  
  103  9:42  Stargate  
  99  9:49  Shield Battery  
  99  9:50  Shield Battery  
  99  9:52  Shield Battery  
  99  9:53  Protoss Shields Level 1  
  99  9:57  Cybernetics Core  
  97  10:01  Probe  
  97  10:06  Tempest x2 (Chrono Boost)  
  108  10:19  Stargate, Shield Battery  
  108  10:27  Tempest (Chrono Boost), Probe x2  
  108  10:28  Probe  
  116  10:37  Probe  
  116  10:39  Probe x2  
  116  10:42  Tempest x2 (Chrono Boost)  
  129  10:44  Photon Cannon  
  129  10:46  Shield Battery  
  129  10:55  Assimilator  
  129  10:58  Protoss Air Weapons Level 2 (Chrono Boost)  
  129  10:59  Assimilator  
  129  11:00  Pylon  
  129  11:02  Photon Cannon  
  129  11:04  Shield Battery  
  129  11:06  Tempest (Chrono Boost)  
  134  11:17  Protoss Air Armor Level 1 (Chrono Boost)  
  134  11:20  Observer  
  135  11:30  Probe x3  
  135  11:31  Mothership (Chrono Boost)  
  139  11:37  Zealot x2  
  139  11:38  Zealot x6  
  162  11:51  Pylon x2  
  162  11:52  Pylon  
  162  11:53  Pylon  
  162  12:02  Observer  
  175  12:17  Carrier (Chrono Boost)  
  175  12:18  Carrier (Chrono Boost)  
  175  12:24  Nexus  
  175  12:26  Pylon  
  175  12:36  Zealot x5  
  175  12:37  Zealot x3  
  187  12:38  Probe x2 (Chrono Boost)  
  187  12:41  Carrier (Chrono Boost)  
  171  13:00  Pylon  
  171  13:03  Pylon  
  171  13:05  High Templar x4  
  171  13:06  High Templar x2, Shield Battery  
  171  13:07  Shield Battery  
  171  13:09  Warp Prism  
  171  13:10  Probe  
  180  13:16  Archon x3  
  180  13:24  Shield Battery  
  180  13:26  Shield Battery  
  180  13:27  Shield Battery  
  180  13:28  Shield Battery  
  180  13:29  Shield Battery  
  180  13:32  Shield Battery  
  180  13:56  Warp Prism  
  180  14:00  Carrier  
  188  14:13  Dark Shrine  
  200  14:26  Shield Battery  
  200  14:30  Shield Battery  
  200  14:34  Pylon  
  200  14:36  Photon Cannon  
  196  14:52  Stalker x7  
Show
View Real Time Build Order
Export as new Build Order

zuka Protoss - Winner!

Build Orders: Nexus First, Phoenix Opening, Carriers 

Get SALT Encoding   

  12  0:00  Probe (Chrono Boost)  
  13  0:12  Probe (Chrono Boost)  
  14  0:20  Pylon  
  14  0:21  Probe (Chrono Boost)  
  15  0:38  Probe  
  16  0:50  Probe  
  17  1:00  Nexus  
  17  1:04  Probe  
  18  1:15  Gateway  
  18  1:18  Probe  
  19  1:23  Assimilator  
  19  1:31  Assimilator, Probe  
  20  1:43  Probe  
  21  1:49  Pylon  
  21  1:55  Probe  
  22  2:02  Cybernetics Core  
  22  2:07  Probe (Chrono Boost)  
  24  2:17  Probe (Chrono Boost)  
  24  2:19  Probe (Chrono Boost)  
  25  2:25  Probe (Chrono Boost)  
  25  2:26  Probe (Chrono Boost)  
  27  2:32  Pylon  
  27  2:33  Probe  
  28  2:41  Stargate  
  28  2:42  Shield Battery  
  29  2:44  Probe  
  29  2:51  Robotics Facility  
  29  2:55  Stalker (Chrono Boost)  
  31  3:00  Probe  
  31  3:02  Warp Gate  
  33  3:05  Probe  
  33  3:13  Shield Battery  
  33  3:15  Probe  
  34  3:20  Probe  
  34  3:23  Phoenix (Chrono Boost)  
  34  3:26  Pylon  
  37  3:29  Probe  
  37  3:32  Probe  
  39  3:41  Immortal (Chrono Boost)  
  39  3:45  Probe  
  44  3:51  Phoenix (Chrono Boost)  
  44  3:52  Probe  
  47  3:57  Assimilator  
  47  4:00  Probe  
  48  4:02  Assimilator  
  48  4:08  Probe  
  49  4:12  Probe  
  49  4:15  Phoenix (Chrono Boost)  
  52  4:20  Probe  
  52  4:21  Pylon  
  53  4:24  Probe  
  53  4:27  Observer (Chrono Boost)  
  53  4:29  Pylon  
  55  4:35  Phoenix  
  55  4:36  Pylon, Probe  
  55  4:37  Probe  
  59  4:47  Immortal (Chrono Boost)  
  59  4:50  Probe x2  
  65  5:05  Fleet Beacon  
  65  5:06  Probe  
  66  5:19  Immortal (Chrono Boost)  
  70  5:25  Probe  
  70  5:26  Probe  
  72  5:38  Probe x2  
  72  5:39  Stargate  
  74  5:50  Probe x2  
  74  5:51  Immortal (Chrono Boost)  
  74  5:55  Pylon  
  74  5:56  Pylon  
  80  6:18  Nexus  
  86  6:19  Pylon  
  86  6:26  Carrier (Chrono Boost), Protoss Air Weapons Level 1 (Chrono Boost)  
  86  6:28  Pylon, Carrier (Chrono Boost)  
  92  6:37  Pylon  
  92  6:39  Immortal  
  96  6:44  Forge  
  96  6:46  Shield Battery  
  96  6:47  Probe  
  96  6:48  Probe  
  98  6:59  Probe  
  98  7:01  Probe  
  100  7:10  Gateway  
  100  7:15  Assimilator  
  100  7:21  Assimilator  
  106  7:23  Carrier (Chrono Boost)  
  106  7:25  Carrier (Chrono Boost)  
  112  7:32  Probe x2  
  112  7:35  Probe  
  115  7:44  Probe x2  
  117  7:47  Probe  
  118  7:55  Gateway  
  118  8:03  Photon Cannon  
  118  8:09  Carrier  
  118  8:10  Photon Cannon x2  
  124  8:13  Stalker x2  
  124  8:18  Shield Battery  
  124  8:19  Shield Battery  
  128  8:41  Pylon  
  128  8:42  Pylon  
  128  8:44  Pylon  
  128  8:47  Stargate  
  128  8:53  Pylon  
  128  8:54  Pylon  
  128  8:57  Photon Cannon  
  134  9:06  Protoss Air Weapons Level 2 (Chrono Boost)  
  134  9:11  Mothership (Chrono Boost)  
  134  9:15  Probe x2 (Chrono Boost)  
  134  9:16  Carrier (Chrono Boost)  
  151  9:24  Probe x2  
  151  9:28  Carrier (Chrono Boost)  
  152  9:36  Probe x2  
  150  9:46  Stalker x2  
  150  9:48  Probe  
  150  9:50  Photon Cannon  
  155  9:56  Pylon  
  155  9:59  Pylon  
  155  10:02  Photon Cannon  
  155  10:14  Carrier  
  155  10:18  Pylon  
  155  10:19  Carrier (Chrono Boost)  
  155  10:20  Nexus  
  167  10:23  Pylon  
  167  10:27  Photon Cannon  
  167  10:29  Pylon  
  167  10:34  Pylon  
  167  10:42  Pylon  
  167  10:45  Protoss Shields Level 1 (Chrono Boost)  
  173  10:56  Cybernetics Core  
  173  10:59  Carrier (Chrono Boost)  
  173  11:05  Assimilator  
  173  11:13  Stargate  
  173  11:18  Photon Cannon  
  173  11:21  Protoss Air Armor Level 1 (Chrono Boost)  
  173  11:22  Carrier (Chrono Boost)  
  179  11:34  Probe x3  
  179  11:38  Carrier (Chrono Boost)  
  182  11:44  Twilight Council  
  182  11:46  Probe  
  183  11:49  Protoss Air Weapons Level 3 (Chrono Boost)  
  189  11:57  Carrier (Chrono Boost)  
  189  12:05  Assimilator  
  189  12:08  Carrier (Chrono Boost)  
  195  12:18  Photon Cannon  
  195  12:22  Photon Cannon  
  195  12:23  Photon Cannon  
  195  12:28  Pylon  
  190  12:50  Carrier (Chrono Boost)  
  196  13:05  Carrier (Chrono Boost)  
  196  13:07  Carrier (Chrono Boost)  
  194  13:16  Carrier (Chrono Boost)  
  200  13:41  Nexus  
  200  13:42  Pylon  
  200  13:45  Pylon  
  200  14:18  Pylon  
  199  14:31  Stargate  
  199  14:33  Stargate  
Tags
 
Add a new tag
Caveats
  • Supply blocks, unpowered buildings, or Contaminate may cause inaccurate times.
  • Supply counts are checked every 10 seconds.